Unix NetHack Version 5.0.0-0 post-release - last build May 31 2026 23:59:36 (970b52f25bf058293b47ddfd14a1e40e571c508c,branch:main).

Game began 2026-06-04 06:16:33, ended 2026-06-04 09:02:35.

DiePARTEI, neutral female human Tourist

          ----------                             -----
          |.@....:.|#                            |.(.|          ------
          |u.))....|##                           |...|          |/`{.|
          |[.[......#####                        |...|          |....|
          ---[------    #     ------------...####.n...##########^./%.|
             #          #     |..............####....|#        #|....|
             #          ##    |.............|    -----#        #----.-
            ##           #####..............|         #        )   ##
           ##                 |..............         #        #   #
          ##                  |..`....<.....|     #   #        #   #
          #                   -----.---------      ####           ##
        --|----                    ##############  #              #
        |..{..|                                 #####             #
        |....>|                                    #---.-    -----.--
        |.....|                                    #.....    |......|
        |.....-############                         |...|    |......|
        -------           ##[############           |...|    |......|
                                        ############.....####-......|
                                                    -----    --------

DiePARTEI the Excursionist  St:13 Dx:12 Co:17 In:15 Wi:10 Ch:16  Neutral
Dlvl:6  $:14 HP:0(63) Pw:36(36) AC:2  Xp:7 T:7754  Burdened Blind

Latest messages:
 What do you want to drop? [$a-ce-qstzBD-LNOQ-SUZ or ?*] h
 You drop an uncursed +0 pair of hard shoes.
 Your movements are only slowed slightly by your load.
 You hear bubbling water.
 You stop searching.
 The raven bites!
 You stop waiting.
 The raven blinds you!
 The raven bites!
 The raven bites!
 The raven misses!
 You hit the raven.
 The raven bites!
 The raven misses!
 You hit the raven.
 The raven bites!
 You hit the raven.
 The raven bites!
 The raven bites!
 The raven bites!
 You hit the raven.
 The raven bites!
 You kill the raven!
 You try to feel what is lying here on the floor.
 You feel here a raven corpse.
 A newt suddenly appears!
 You have trouble lifting a raven corpse.  Continue? [ynq] (q) y
 You have trouble lifting M - a raven corpse.
 You rebalance your load.  Movement is difficult.
 The white unicorn butts!
 The white unicorn kicks!
 The white unicorn butts!
 The white unicorn kicks!
 The white unicorn misses!
 The white unicorn kicks!
 What do you want to sacrifice? [M or ?*] M
 Your sacrifice is consumed in a plume of smoke!
 You think something brushed your foot.
 Your movements are only slowed slightly by your load.
 The white unicorn butts!
 The white unicorn misses!
 The white unicorn butts!
 The white unicorn misses!
 The white unicorn butts!
 The white unicorn kicks!
 The white unicorn butts!
 You die...
 Do you want your possessions identified? [ynq] (y) y
 Do you want to see your attributes? [ynq] (y) y
 Do you want an account of creatures vanquished? [ynaq] (y) q

Inventory:
 Coins    ('$')
  $ - 14 gold pieces
 Amulets  ('"')
  q - an uncursed amulet versus poison (being worn)
 Weapons  (')')
  a - 16 blessed +2 darts (at the ready)
  B - 8 +0 darts
  l - a blessed fireproof +1 elven dagger (weapon in right hand)
 Armor    ('[')
  g - an uncursed rusty +0 helm of caution
  o - an uncursed +0 orcish helm (being worn)
  D - an uncursed +0 pair of fumble boots
  E - an uncursed +1 pair of jumping boots (being worn)
  G - a blessed +0 orcish shield (being worn)
  m - a cursed -3 cloak of invisibility (being worn)
  H - an uncursed +0 mummy wrapping
  j - a blessed +0 Hawaiian shirt with an orchid motif named poisres (being worn)
  t - an uncursed +0 banded mail (being worn)
 Comestibles  ('%')
  b - 7 uncursed food rations
  f - an uncursed fortune cookie
  z - an uncursed tripe ration
 Potions  ('!')
  Z - a blessed potion of healing
 Rings    ('=')
  e - an uncursed ring of regeneration (on left hand)
 Wands    ('/')
  F - a wand of cancellation (0:7)
  i - a wand of digging (0:5)
 Tools    ('(')
  s - an uncursed sack containing 13 items
  I - a bag of tricks named empty (0:0)
  L - an uncursed blindfold
  k - an expensive camera (0:72)
  S - a magic marker (0:57)
  p - an uncursed skeleton key
 Gems/Stones  ('*')
  K - an uncursed worthless piece of black glass
  Q - an uncursed worthless piece of blue glass
  R - 2 uncursed worthless pieces of green glass
  n - an uncursed worthless piece of orange glass
  c - 2 cursed worthless pieces of red glass
  O - 2 uncursed worthless pieces of violet glass
  N - 2 uncursed worthless pieces of white glass
  J - 2 uncursed worthless pieces of yellow glass
  U - an uncursed worthless piece of yellowish brown glass

Contents of the sack:
  666 gold pieces
  2 uncursed scrolls of blank paper
  an uncursed scroll of enchant armor
  4 uncursed scrolls of magic mapping
  an uncursed scroll of scare monster
  an uncursed scroll of scare monster
  a cursed scroll of taming
  an uncursed spellbook of clairvoyance
  an uncursed spellbook of extra healing
  an uncursed potion of fruit juice
  an uncursed potion of object detection
  an uncursed potion of oil
  a +0 pick-axe

DiePARTEI the Tourist's attributes:

Background:
 You were an Excursionist, a level 7 female human Tourist.
 You were neutral, on a mission for The Lady
 who was opposed by Blind Io (lawful) and Offler (chaotic).
 You were right-handed.
 You were in the Dungeons of Doom, on level 6.
 You entered the dungeon 7754 turns ago.
 You had 1271 experience points, 9 more were needed to attain level 8.

Basics:
 You had 0 out of 63 hit points.
 You had all 36 energy points (spell power).
 Your armor class was 2.
 Your wallet contained 14 zorkmids, and
 you had 666 more stashed away in your pack.
 Autopickup was off.

Final Characteristics:
 Your strength was 13 (limit:18/100).
 Your dexterity was 12 (limit:18).
 Your constitution was 17 (limit:18).
 Your intelligence was 15 (limit:18).
 Your wisdom was 10 (limit:18).
 Your charisma was 16 (limit:18).

Final Status:
 You were temporarily blind.
 You weren't hungry.
 You were burdened; movement was slightly slowed.
 You were wielding a dagger.
 You had basic skill with dagger.

Final Attributes:
 You were piously aligned.
 You were poison resistant.
 You were telepathic.
 You were invisible.
 You could jump.
 You regenerated.
 You were warded.
 Your spell casting was impaired by metallic armor.
 You were lucky.
 You are dead.

Miscellaneous:
 You didn't encounter any bones levels.
 Total elapsed playing time was 1 hour, 13 minutes and 22 seconds.

Major events:
 Turn
    1: DiePARTEI the neutral female human Tourist entered the dungeon
  756: attained the rank of Sightseer (level 3)
  770: entered the Gnomish Mines
 1482: reached Mine Town
 2247: attained the rank of Excursionist (level 6)
 7754: killed by a white unicorn

Spells:
 Name                 Level Category     Fail Retention
 clairvoyance           3   divination   100%  76%-100%
 extra healing          3   healing      100%  76%-100%

Skills:
 Fighting Skills
   bare handed combat [Skilled]
   two weapon combat  [Unskilled]
   riding             [Unskilled]
 Weapon Skills
   dagger             [Basic]
   knife              [Unskilled]
   axe                [Unskilled]
   pick-axe           [Unskilled]
   short sword        [Unskilled]
   broadsword         [Unskilled]
   long sword         [Unskilled]
   two-handed sword   [Unskilled]
   saber              [Unskilled]
   mace               [Unskilled]
   morning star       [Unskilled]
   flail              [Unskilled]
   hammer             [Unskilled]
   quarterstaff       [Unskilled]
   polearms           [Unskilled]
   spear              [Unskilled]
   trident            [Unskilled]
   lance              [Unskilled]
   bow                [Unskilled]
   sling              [Unskilled]
   crossbow           [Unskilled]
   dart               [Skilled]
   shuriken           [Unskilled]
   boomerang          [Unskilled]
   whip               [Unskilled]
   unicorn horn       [Unskilled]
 Spellcasting Skills
   divination spells  [Unskilled]
   enchantment spells [Unskilled]
   escape spells      [Unskilled]

Voluntary challenges:
 Character rerolling was not enabled.
 You never genocided any monsters.
 You never polymorphed an object.
 You never changed form.
 You used no wishes.
Achievements:
 You attained the rank of Sightseer.
 You entered the Gnomish Mines.
 You entered Minetown.
 You entered a shop.
 You entered a temple.
 You attained the rank of Excursionist.

 The Dungeons of Doom: levels 1 to 6
    Level 1:
    Level 2:
       A sink.
       Stairs down to The Gnomish Mines.
    Level 3:
       Many fountains.
    Level 4:
       A general store, a fountain.
    Level 5:
       A general store.
    Level 6: <- You were here.
       An altar to The Lady, a fountain, a sink.
       Final resting place for
          you, killed by a white unicorn.
 The Gnomish Mines: levels 3 to 6
    Level 3:
    Level 4:
    Level 5:
       Many shops, a temple and an altar, some fountains.
    Level 6:


Vanquished creatures:
  2 small mimics
  a large cat
  a giant beetle
  2 quivering blobs
  a wolf
 an orc mummy
  a dwarf mummy
  3 ravens
  2 bugbears
 an imp
  a water nymph
  a mountain nymph
  5 Mordor orcs
 an orc shaman
  2 rock piercers
  2 rock moles
  a pony
  a fog cloud
  6 gnome leaders
  3 gnomish wizards
  a kobold mummy
  a ghoul
  a straw golem
  a paper golem
  2 giant ants
  4 floating eyes
  7 dwarves
  3 homunculi
  2 kobold leaders
  a kobold shaman
 16 hill orcs
  5 rothes
  a rabid rat
  2 giant bats
 an orc zombie
  4 dwarf zombies
  a werejackal
  7 iguanas
  2 acid blobs
  a gas spore
  3 hobbits
 10 manes
  a large kobold
  a hobgoblin
 11 giant rats
  a cave spider
  2 brown molds
  a red mold
 23 gnomes
  6 garter snakes
  6 geckos
  5 jackals
  4 foxes
  a kobold
  2 goblins
  a sewer rat
  8 grid bugs
  3 lichens
  a kobold zombie
 10 newts
201 creatures vanquished.

No species were genocided or became extinct.

Game over:
                       ----------
                      /          \
                     /    REST    \
                    /      IN      \
                   /     PEACE      \
                  /                  \
                  |    DiePARTEI     |
                  |      680 Au      |
                  |   killed by a    |
                  |  white unicorn   |
                  |                  |
                  |                  |
                  |       2026       |
                 *|     *  *  *      | *
        _________)/\\_//(\/(/\)/\//\/|_)_______

Aloha DiePARTEI the Tourist...

You died in The Dungeons of Doom on dungeon level 6 with 5603 points,
and 680 pieces of gold, after 7754 moves.
You were level 7 with a maximum of 63 hit points when you died.

